 Dungeon Crawl Stone Soup version 0.28.0-53-g5a82cb258f (webtiles) character file.

Game seed: 10339387193693779158

32 gobodom the Stinger (level 3, -1/24 HPs)
             Began as a Demonspawn Venom Mage on June 10, 2022.
             Slain by an adder (3 damage)
             ... on level 2 of the Dungeon.
             The game lasted 00:04:03 (1655 turns).

gobodom the Stinger (Demonspawn Venom Mage)         Turns: 1655, Time: 00:04:03

Health: -1/24      AC:  3    Str: 10    XL:     3   Next: 10%
Magic:  5/6        EV: 12    Int: 16    God:
Gold:   3          SH:  0    Dex: 13    Spells: 5/6 levels left

rFire   . . .      SeeInvis .   b - +0 dagger
rCold   . . .      Faith    .   (no shield)
rNeg    . . .      Spirit   .   a - +0 robe
rPois   .          Reflect  .   (no helmet)
rElec   .          Harm     .   (no cloak)
rCorr   .          Rampage  .   i - +0 pair of gloves
Will    .....                   (no boots)
Stlth   ++........              (no amulet)
HPRegen 0.08/turn               (no ring)
MPRegen 0.10/turn               (no ring)

@: no status effects
A: claws 1
a: no special abilities


You were on level 2 of the Dungeon.
You visited 1 branch of the dungeon, and saw 2 of its levels.

You collected 3 gold pieces.

Inventory:

Hand Weapons
 b - a +0 dagger (weapon)
Armour
 a - a +0 robe (worn)
 i - a +0 pair of gloves (worn)
Scrolls
 g - a scroll of noise {unknown}
 h - a scroll of magic mapping {unknown}
Potions
 c - 5 potions of curing {unknown}
 d - 2 potions of degeneration {unknown}
 e - a potion of might {unknown}
 f - a potion of heal wounds {unknown}


   Skills:
 + Level 2.1 Dodging
 + Level 2.2 Stealth
 + Level 2.3 Spellcasting
 + Level 1.3 Transmutations
 + Level 3.2 Poison Magic


You had 5 spell levels left.
You knew the following spells:

 Your Spells              Type           Power      Damage    Failure   Level
a - Sting                 Tmut/Pois      36%        1d4       8%          1

Your spell library contained the following spells:

 Spells                   Type           Power      Damage    Failure   Level
 Poisonous Vapours        Pois/Air       14%        N/A       16%         2
 Mephitic Cloud           Conj/Pois/Air  5%         N/A       36%         3
 Olgreb's Toxic Radiance  Pois           12%        N/A       45%         4


Dungeon Overview and Level Annotations

Branches:
Dungeon (2/15)

Altars:

Shops:
D:1 !


Innate Abilities, Weirdness & Mutations

You have sharp fingernails.


Message History

You kill the ball python!
Magic restored.
An adder comes into view.
An adder is nearby!
A rat comes into view.
An endoplasm comes into view.
Found 6 gold pieces.
The endoplasm quivers.
You barely miss the rat. The rat bites you.
You barely miss the rat. The rat closely misses you.
The adder hisses angrily.
You hit the rat.
You kill the rat!
The endoplasm misses you.
You barely miss the endoplasm.
The endoplasm hits you but does no damage.
You hit the endoplasm but do no damage. The endoplasm freezes you.
You are frozen.
You hit the endoplasm but do no damage. The adder bites you.
The endoplasm freezes you.
You are frozen.
The adder barely misses you.
You hit the endoplasm.
The endoplasm is moderately wounded.
The adder barely misses you. The endoplasm freezes you.
You are frozen.
Casting: Sting (safe; 8% risk of failure)
Confirm with . or Enter, or press ? or * to list all spells.
Aiming: Sting (safe; 8% risk of failure)
Press: ? - help, Shift-Dir - straight line, f - adder
Aim: an adder (48% to hit)
The sting misses the adder.
The adder bites you but does no damage. The endoplasm freezes you.
You are frozen.
* * * LOW HITPOINT WARNING * * *
Found a stone staircase leading down.
The adder bites you.
* * * LOW HITPOINT WARNING * * *
The adder bites you.
You die...

###....## #..#..P.P.#
#..#..####..#......#
##.##.......P....P.#
#...#......P...$..#
###.#......#...P..P.
#........#....P.. ####
###......#P.##.##. ....#
#.......SJ.......
....####......##@....###
....##...†....##.....#
....##.##............#
....#..##†.....#######
....#.###......# ......#
####...# .....## ..###
.....######>##
..........


You could see an adder and an endoplasm.

Vanquished Creatures
  An adder (D:2)
  3 giant cockroaches (D:1)
  2 goblins (D:1)
  2 hobgoblins (D:1)
  2 kobolds (D:1)
  A quokka (D:1)
  3 ball pythons
  3 frilled lizards
  5 rats
22 creatures vanquished.

Notes
Turn   | Place    | Note
-------+----------+-------------------------------------------
     0 | D:1      | gobodom the Demonspawn Venom Mage began the quest for the
                  | Orb.
     0 | D:1      | Reached XP level 1. HP: 13/13 MP: 3/3
   255 | D:1      | Reached skill level 1 in Transmutations
   341 | D:1      | Found Raowes's Distillery.
   498 | D:1      | Gained mutation: You have sharp fingernails. [demonic
                  | ancestry]
   498 | D:1      | Reached XP level 2. HP: 19/19 MP: 1/5
   728 | D:1      | Found a faded altar of an unknown god.
  1574 | D:2      | Reached XP level 3. HP: 21/24 MP: 2/6
  1655 | D:2      | Slain by an adder

Illustrated notes

Levels and vault maps discovered:
D:1:      dpeg_arrival_tiny_a, layout_loops_ring, serial_shops, shop,
          dilly_ecumenical_altar_fadedgnrine, amcnicky_mini_corridor_feature,
          grunt_decor_one_mirror
D:2:      cheibrodos_old_hovel, layout_rooms

Skill      XL: |  1  2 |
---------------+-------+-----
Transmutations | 1 |  1.3
Stealth        | 2 |  2.2
Dodging        | 2 |  2.1
Spellcasting   | |  2.3
Poison Magic   | |  3.2

Action                   || total
-------------------------++-------
Melee: Dagger            ||    86
 Cast: Sting             ||    21
 Stab: Sleeping          ||     4
Armor: Robe              ||    15
Dodge: Dodged            ||    60
